 Dungeon Sprint DCSS version 0.24-a0-528-g98e85ec (webtiles) character file.

Game seed: 7478706607666509696

1210 silentkaos13 the Martial Artist (level 8, -1/50 HPs)
             Began as an Octopode Transmuter on Aug 6, 2019.
             Was a Follower of Cheibriados.
             Asphyxiated
             ... in the Dungeon (Sprint I: "Red Sonja").
             The game lasted 00:02:49 (987 turns).

silentkaos13 the Martial Artist (OpTm)               Turns: 987, Time: 00:02:50

Health: -1/50      AC:  0    Str: 13    XL:     8   Next: 45%
Magic:  17/17      EV: 27    Int: 20    God:    Cheibriados [*.....]
Gold:   405        SH:  0    Dex: 20    Spells: 5/20 levels left

rFire    . . .     SeeInvis .     - Unarmed
rCold    . . .     Gourm    .   (shield currently unavailable)
rNeg     . . .     Faith    .   (helmet currently unavailable)
rPois    .         Spirit   .   (no amulet)
rElec    .         Reflect  .   (ring currently unavailable)
rCorr    .         Harm     .   (ring currently unavailable)
MR       .....     NoTele   +   (ring currently unavailable)
Stlth    ++++......             (ring currently unavailable)
HPRegen  0.16/turn              (ring currently unavailable)
MPRegen  0.15/turn              (ring currently unavailable)
                                (ring currently unavailable)
                                (ring currently unavailable)

@: lethally poisoned (-1 -> -63), bat-form, flying, quick
A: tiny, almost no armour, stealthy swim, (amphibious), (8 rings), (constrict 8)
a: Bend Time, Renounce Religion


You were in the Dungeon.
You worshipped Cheibriados.
Cheibriados was aware of your devotion.
You were not hungry.
You were in bat-form.
You visited 1 branch You collected 405 gold pieces.

Inventory:

Missiles
 a - 12 arrows
Wands
 b - a wand of digging (4)
Scrolls
 i - a scroll of blinking
 j - a scroll of immolation {unknown}
Potions
 d - a potion of curing
 e - a potion of heal wounds
 f - a potion of haste
 g - 2 potions of magic
 h - a potion of berserk rage
Comestibles
 c - a ration


   Skills:
 + Level 1.9 Fighting
 + Level 7.1 Dodging
 + Level 8.7 Stealth
 + Level 12.4 Unarmed Combat
 + Level 6.5 Spellcasting
 + Level 5.8 Transmutations
 + Level 4.4 Poison Magic


You had 5 spell levels left.
You knew the following spells:

 Your Spells              Type           Power        Failure   Level  Hunger
a - Beastly Appendage     Tmut           ####..       1%          1    None
b - Sticks to Snakes      Tmut           ####....     1%          2    None
c - Spider Form           Tmut/Pois      ####......   3%          3    #......
d - Blade Hands           Tmut           ####......   26%         5    #####..
e - Ice Form              Ice/Tmut       ###.....     30%         4    ###....

Your spell library contained the following spells:

 Spells                   Type           Power        Failure   Level  Hunger


Dungeon Overview and Level Annotations

Branches:
Dungeon (1/1)

Altars:
Cheibriados
Dithmenos
Elyvilon
Fedhas
Gozag
Hepliaklqana
Kikubaaqudgha
Makhleb
Nemelex Xobeh
Okawaru
Qazlal
Ru
Sif Muna
Trog
Uskayaw
Vehumet
Wu Jian
Xom
Yredelemnul
Zin
The Shining One
Jiyva
Lugonu

Shops:
D ?

Annotations:
D Sonja


Innate Abilities, Weirdness & Mutations

You cannot wear most types of armour.
You are very stealthy in the water. (Stealth+)
((You are amphibious.))
((You can wear up to eight rings at the same time.))
((You can use your tentacles to constrict eight enemies at once.))
((Your skin changes colour to match your surroundings (Stealth+).))
((Your rubbery body absorbs attacks. (AC +1, EV +1)))


Message History

Sonja hits you with a +2 short sword of venom.
* * * LOW HITPOINT WARNING * * *
You are more poisoned.
Sonja completely misses you.
Sonja hits you with a +2 short sword of venom.
* * * LOW HITPOINT WARNING * * *
You are more poisoned.
Sonja completely misses you.
* * * LOW HITPOINT WARNING * * *
You feel very sick.
* * * LOW HITPOINT WARNING * * *
You feel very sick.
Sonja throws a curare-tipped dart.
The curare-tipped dart completely misses you.
* * * LOW HITPOINT WARNING * * *
You feel sick.
Sonja throws a curare-tipped dart.
The curare-tipped dart hits you.
You are more poisoned.
You have difficulty breathing.
You die...

#..####..#...#(####
#####
#..#__####..##.#
#..#_____##'#_.+
#⌠⌠#_.∩...'..._#
####_..__##_.#'#
#_____###K#)#
#########.### +$.$+
#(b$# ##(## #+#


You could see Sonja.

Vanquished Creatures
  2 kobold demonologists (D)
  Sigmund (D)
  A slime creature (D)
  A yak (D)
  A floating eye (D)
  An ogre (D)
  A jelly (D)
  Ijyb (D)
9 creatures vanquished.

Notes
Turn   | Place    | Note
-------+----------+-------------------------------------------
     0 | D        | silentkaos13 the Octopode Transmuter began the quest for
                  | the Orb.
     0 | D        | Reached XP level 1. HP: 13/13 MP: 3/3
     1 | D        | Noticed Ijyb
    12 | D        | Killed Ijyb
    12 | D        | Reached skill level 1 in Stealth
    12 | D        | Reached skill level 5 in Unarmed Combat
    12 | D        | Reached XP level 2. HP: 10/18 MP: 3/5
    12 | D        | Reached XP level 3. HP: 13/23 MP: 4/7
   155 | D        | Learned a level 2 spell: Sticks to Snakes
   159 | D        | Learned a level 3 spell: Spider Form
   162 | D        | Noticed an ogre
   167 | D        | Killed an ogre
   167 | D        | Reached skill level 7 in Unarmed Combat
   167 | D        | Reached XP level 4. HP: 13/28 MP: 4/9
   332 | D        | Noticed Sigmund
   343 | D        | Killed Sigmund
   343 | D        | Reached skill level 5 in Dodging
   343 | D        | Reached skill level 9 in Unarmed Combat
   343 | D        | Reached skill level 5 in Spellcasting
   343 | D        | Reached skill level 1 in Poison Magic
   343 | D        | Reached XP level 5. HP: 29/33 MP: 7/12
   343 | D        | Reached XP level 6. HP: 34/38 MP: 7/13
   388 | D        | Found an ornate altar of the Wu Jian Council.
   388 | D        | Found a deep blue altar of Sif Muna.
   391 | D        | Found a radiant altar of Vehumet.
   427 | D        | Found Lam Juky's Magic Scroll Emporium.
   427 | D        | Found an ancient bone altar of Kikubaaqudgha.
   427 | D        | Found a hazy altar of Hepliaklqana.
   427 | D        | Found a stormy altar of Qazlal.
   427 | D        | Found a hide-covered altar of Uskayaw.
   427 | D        | Found a blossoming altar of Fedhas.
   427 | D        | Found a bloodstained altar of Trog.
   427 | D        | Found an iron altar of Okawaru.
   427 | D        | Found a basalt altar of Yredelemnul.
   427 | D        | Found a glowing golden altar of the Shining One.
   427 | D        | Found a snail-covered altar of Cheibriados.
   427 | D        | Found a sacrificial altar of Ru.
   427 | D        | Found a glowing silver altar of Zin.
   427 | D        | Found a shadowy altar of Dithmenos.
   427 | D        | Found a white marble altar of Elyvilon.
   427 | D        | Noticed a yak
   428 | D        | Found an opulent altar of Gozag.
   434 | D        | Killed a yak
   434 | D        | Reached skill level 5 in Stealth
   434 | D        | Reached skill level 10 in Unarmed Combat
   434 | D        | Reached skill level 5 in Transmutations
   434 | D        | Reached XP level 7. HP: 24/43 MP: 11/15
   435 | D        | Found a sparkling altar of Nemelex Xobeh.
   567 | D        | Became a worshipper of Cheibriados the Contemplative
   580 | D        | Found a burning altar of Makhleb.
   580 | D        | Found a viscous altar of Jiyva.
   580 | D        | Found a shimmering altar of Xom.
   580 | D        | Found a corrupted altar of Lugonu.
   580 | D        | Noticed a slime creature
   593 | D        | Killed a slime creature
   801 | D        | Learned a level 5 spell: Blade Hands
   813 | D        | Noticed a kobold demonologist
   814 | D        | Noticed a kobold demonologist
   818 | D        | Reached * piety under Cheibriados
   818 | D        | Reached skill level 11 in Unarmed Combat
   821 | D        | Noticed a red devil
   824 | D        | Killed a kobold demonologist
   824 | D        | Reached XP level 8. HP: 38/50 MP: 13/17
   829 | D        | Noticed a rust devil
   832 | D        | Killed a kobold demonologist
   832 | D        | Reached skill level 12 in Unarmed Combat
   950 | D        | Learned a level 4 spell: Ice Form
   967 | D        | Noticed Sonja
   987 | D        | Asphyxiated

Levels and vault maps discovered:
D:        dungeon_sprint_1 [red_sonja_temple_1, red_sonja_temple_small_1]

Skill      XL: |  1  2  3  4  5  6  7  8 |
---------------+-------------------------+-----
Stealth        | 1 2 4 5 8 |  8.7
Unarmed Combat | 5 7 9 10 11 12 | 12.4
Dodging        | 4 5 6 7 |  7.1
Spellcasting   | 3 5 6 |  6.5
Transmutations | 3 4 5 |  5.8
Poison Magic   | 1 2 3 4 |  4.4
Fighting       | |  1.9

Action                   |  1- 3 |  4- 6 |  7- 9 || total
-------------------------+-------+-------+-------++-------
Melee: Unarmed           |    13 |    18 |    30 ||    61
       Tentacles         |     3 |       |       ||     3
       Constrict         |     1 |       |       ||     1
       Punch             |     1 |       |       ||     1
 Cast: Spider Form       |     1 |     3 |     3 ||     7
  Use: Potion            |       |       |     1 ||     1
 Stab: Sleeping          |     1 |     3 |     1 ||     5
Armor: Skin              |     1 |     1 |       ||     2
Dodge: Dodged            |     6 |     8 |    35 ||    49

Table legend:
 A = Non-vault XP
 B = Vault XP
 C = Vault XP percentage of total XP
 D = Non-vault monster count
 E = Vault monster count
 F = Vault count percentage of total count
                 A         B        C        D         E       F
            +---------+---------+-------+---------+---------+-------
      Total |       0 |    1729 | 100.0 |       0 |       9 | 100.0
            +---------+---------+-------+---------+---------+-------
          D |       0 |    1729 | 100.0 |       0 |       9 | 100.0
            +---------+---------+-------+---------+---------+-------
